 Dungeon Crawl Stone Soup version 0.26-b1-32-g5d43845318 (webtiles) character file.

Game seed: 9702963693234214459

42 Borgoz the Skirmisher (level 3, -2/34 HPs)
             Began as a Gargoyle Berserker on Jan 11, 2021.
             Was a Believer of Trog.
             Slain by Sigmund
             ... wielding a +0 scythe
              (8 damage)
             ... on level 2 of the Dungeon.
             The game lasted 00:01:00 (1133 turns).

Borgoz the Skirmisher (Gargoyle Berserker)          Turns: 1133, Time: 00:01:00

Health: -2/34      AC:  8    Str: 20    XL:     3   Next: 56%
Magic:  3/3        EV: 11    Int:  7    God:    Trog [**....]
Gold:   87         SH:  0    Dex: 10    Spells: 2/2 levels left

rFire    . . .     SeeInvis .   a - +0 mace
rCold    . . .     Faith    .   (no shield)
rNeg     + . .     Spirit   .   c - +0 ring mail
rPois    ∞         Reflect  .   (no helmet)
rElec    +         Harm     .   (no cloak)
rCorr    .         Rampage  .   (no gloves)
Will     .....                  (no boots)
Stlth    ..........             (no amulet)
HPRegen  0.11/turn              (no ring)
MPRegen  0.08/turn              (no ring)

@: berserking, very quick
A: negative energy resistance 1, electricity resistance, unbreathing,
petrification resistance, miasma immunity, AC +3
a: Renounce Religion, Berserk, Trog's Hand


You were on level 2 of the Dungeon.
You worshipped Trog.
Trog was pleased with you.
You visited 1 branch of the dungeon, and saw 2 of its levels.

You collected 87 gold pieces.

Inventory:

Hand Weapons
 a - a +0 mace (weapon)
Armour
 c - a +0 ring mail (worn)
Scrolls
 b - a scroll of identify {unknown}
 d - a scroll of enchant weapon {unknown}
 e - a scroll of teleportation {unknown}
 h - a scroll of immolation {unknown}
Potions
 f - a potion of berserk rage {unknown}
 g - a potion of might {unknown}


   Skills:
 + Level 3.6 Fighting
 * Level 3.5 Maces & Flails
 + Level 2.6 Armour
 * Level 2.1 Dodging


You had 2 spell levels left.
You didn't know any spells.
Your spell library was empty.

Dungeon Overview and Level Annotations

Branches:
Dungeon (2/15)

Altars:

Annotations:
D:2 Sigmund


Innate Abilities, Weirdness & Mutations

You are resistant to torment.
Your stone body is resilient. (AC +3)
You are immune to poison.
You resist negative energy. (rN+)
You are resistant to electric shocks. (rElec)
You can survive without breathing.
You are immune to petrification.
You are immune to miasma.


Message History

Sigmund hits you from afar with a +0 scythe.
You barely miss the rat. The rat closely misses you.
Sigmund casts a spell at himself.
Sigmund flickers and vanishes!
Deactivating autopickup; reactivate with Ctrl-A.
A red film seems to cover your vision as you go berserk!
You feel yourself moving faster!
You feel mighty! The rat misses you. Something hits you but does no damage.
You barely miss the rat. The rat bites you but does no damage.
You bludgeon the rat!!
You kill the rat!
Trog accepts your kill. Something hits you!
* * * LOW HITPOINT WARNING * * *
You see here a rat corpse.
You hit something. Something hits you.
* * * LOW HITPOINT WARNING * * *
You miss something. You sock something! Something hits you!
You die...

#.###.# . ...... ...
#....<. ###.#.#..
........).. #.#.#.#..
............ #........
... #########
#.#.....###.###. ...<##
................ ......
#....{....# ######
#....@....# ......
#..##.##..# #####.
#..#$..#..###########.
#....#..............†.
##..#..$#..#.........†.
#....##.##†.#.#########.
#.#.........#.# #. #
#..#.#....#.# #. ##
####.###)# #.


There were no monsters in sight!

Vanquished Creatures
  A worm (D:2)
  2 dart slugs (D:1)
  A leopard gecko (D:1)
  A ball python (D:1)
  A giant cockroach (D:1)
  3 goblins (D:1)
  6 hobgoblins
  5 bats
  4 kobolds (D:1)
  8 rats
32 creatures vanquished.

Notes
Turn   | Place    | Note
-------+----------+-------------------------------------------
     0 | D:1      | Borgoz the Gargoyle Berserker began the quest for the Orb.
     0 | D:1      | Reached XP level 1. HP: 14/14 MP: 1/1
   103 | D:1      | Reached XP level 2. HP: 12/19 MP: 2/2
   553 | D:1      | Reached XP level 3. HP: 23/23 MP: 3/3
   618 | D:1      | Reached ** piety under Trog
  1115 | D:2      | Noticed Sigmund
  1133 | D:2      | Slain by Sigmund

Illustrated notes

Levels and vault maps discovered:
D:1:      nzn_arrival_depleted_hourglass, layout_basic
D:2:      layout_basic, lemuel_round_altar, minmay_tromino_v4_b,
          uniq_crazy_yiuf_cottage, uniq_sigmund, uniq_natasha

Skill      XL: |  1  2 |
---------------+-------+-----
Dodging        | 2 |  2.1
Fighting       | |  3.6
Maces & Flails | |  3.5
Armour         | |  2.6

Action                   || total
-------------------------++-------
Melee: Mace              ||   106
Invok: Berserk           ||     1
Armor: Animal skin       ||     6
       Ring mail         ||    77
Dodge: Dodged            ||    73
